 Dungeon Crawl Stone Soup version 0.27.1-33-g824d729ab1 (webtiles) character file.

Game seed: 16696673404617092529

93 SeanCanFly the Cudgeller (level 4, -9/40 HPs)
             Began as a Minotaur Monk on Nov 25, 2021.
             Killed from afar by Ijyb (16 damage)
             ... with a bolt of acid
             ... on level 3 of the Dungeon.
             The game lasted 00:04:05 (2812 turns).

SeanCanFly the Cudgeller (Minotaur Monk)            Turns: 2812, Time: 00:04:06

Health: -9/40      AC:  0    Str: 17    XL:     4   Next: 37%
Magic:  3/3        EV: 12    Int:  7    God:
Gold:   119        SH:  0    Dex: 12    Spells: 3/3 levels left

rFire    . . .     SeeInvis .   a - +0 mace
rCold    . . .     Faith    .   (no shield)
rNeg     . . .     Spirit   .   e - +0 leather armour
rPois    .         Reflect  .   f - +0 hat
rElec    .         Harm     .   (no cloak)
rCorr    .         Rampage  .   (no gloves)
Will     .....                  (no boots)
Stlth    +.........             (no amulet)
HPRegen  0.13/turn              (no ring)
MPRegen  0.08/turn              (no ring)

@: corroded
A: horns 2, retaliatory headbutt
a: no special abilities


You were on level 3 of the Dungeon.
You visited 1 branch of the dungeon, and saw 3 of its levels.

You collected 119 gold pieces.

Inventory:

Hand Weapons
 a - a +0 mace (weapon)
Armour
 b - a +0 robe
 e - a +0 leather armour (worn)
 f - a +0 hat (worn)
Wands
 l - a wand of paralysis (10)
Scrolls
 c - a scroll of magic mapping {unknown}
 d - a scroll of enchant weapon {unknown}
 h - 3 scrolls of identify {unknown}
 i - a scroll of teleportation {unknown}
 j - a scroll of immolation {unknown}
 k - a scroll of blinking {unknown}
Potions
 g - a potion of cancellation {unknown}


   Skills:
 + Level 4.2 Fighting
 * Level 4.9 Maces & Flails
 + Level 1.9 Armour
 + Level 3.9 Dodging
 - Level 1.5 Stealth


You had 3 spell levels left.
You didn't know any spells.
Your spell library contained the following spells:

 Spells                   Type           Power      Damage    Failure   Level
 Magic Dart               Conj           0%         1d3       50%         1
 Searing Ray              Conj           0%         3d3       63%         2
 Fulminant Prism          Conj/Hex       0%         3d6       99%         4


Dungeon Overview and Level Annotations

Branches:
Dungeon (3/15)

Altars:

Annotations:
D:3 Ijyb


Innate Abilities, Weirdness & Mutations

You have a pair of horns on your head.
You reflexively headbutt those who attack you in melee.


Message History

You hit the adder.
You kill the adder!
You feel sick.
You feel sick.
You see here an adder corpse.
You feel sick.
You feel sick.
You are no longer poisoned.
You start resting.
HP restored.
Found a stone staircase leading up.
There is a stone staircase leading up here.
Found 26 stones.
A hobgoblin comes into view.
The helpless hobgoblin fails to defend itself.
You sock the hobgoblin!
You kill the hobgoblin!
You see here a hobgoblin corpse.
Found 2 murky blue potions. 2 goblins come into view.
The goblin shouts!
The goblin moves out of view.
You see here 2 murky blue potions.
A goblin is nearby! 4 goblins and Ijyb come into view.
Ijyb is wielding a +0 club, wearing a +2 chain mail of cold resistance and carrying a wand of acid (13).
The goblin shouts! x5
You thump the goblin!
You kill the goblin!
You hit the goblin.
You kill the goblin!
Ijyb zaps a wand.
The bolt of acid hits you!! The acid corrodes you!
You are splashed with acid!
* * * LOW HITPOINT WARNING * * *
Found a stone staircase leading down.
Ijyb zaps a wand.
The bolt of acid hits the goblin!!
The goblin is splashed with acid!
The acid corrodes the goblin!
The goblin dies!
The bolt of acid hits you!
You die...

#......... #.........
#########....g.g..
............gg.g..
............gg.... .
...........8.8.8.8 .#.
..........g#########....
..........!g..).......#.
.######.###g#.##@.###..
.# #. #.#.###.# .#
#.###.#.# .# .#
#.....#.# ># .#
#####.#.. ..
.##########.#######
†..................
###################


You could see Ijyb and a goblin.

Vanquished Creatures
  2 adders
  A worm (D:2)
  A dart slug (D:1)
  8 bats
  3 endoplasms
  3 giant cockroaches
  7 goblins
  5 hobgoblins
  12 kobolds
  6 quokkas
  6 ball pythons
  4 frilled lizards (D:1)
  6 rats
64 creatures vanquished.

Vanquished Creatures (others)
  A goblin (D:3)
  3 plants (D:1)
4 creatures vanquished.

Grand Total: 68 creatures vanquished

Notes
Turn   | Place    | Note
-------+----------+-------------------------------------------
     0 | D:1      | SeanCanFly the Minotaur Monk began the quest for the Orb.
     0 | D:1      | Reached XP level 1. HP: 19/19 MP: 0/0
   411 | D:1      | Reached XP level 2. HP: 20/27 MP: 1/1
   553 | D:1      | Reached skill level 1 in Armour
   665 | D:1      | Reached XP level 3. HP: 32/33 MP: 2/2
   678 | D:1      | Found a faded altar of an unknown god.
  1892 | D:2      | Reached XP level 4. HP: 24/40 MP: 3/3
  2800 | D:3      | Noticed Ijyb
  2812 | D:3      | Killed from afar by Ijyb

Illustrated notes

Levels and vault maps discovered:
D:1:      sevenhm_arrival_forest_fort_small_6, layout_loops_ring,
          ebering_ecumenical_altar_mist, minivault_23, serial_bayou_ford_a,
          serial_park_tiny_pond, hangedman_feature_mirror, minmay_liquid_box,
          minmay_tiny_reverse_x
D:2:      layout_basic
D:3:      kennysheep_the_goblin_king, layout_basic, general_overflow_altar,
          serial_glass, glass_columns_c, glass_columns_b, glass_columns_a,
          glass_columns_a

Skill      XL: |  1  2 |
---------------+-------+-----
Maces & Flails | 4 |  4.9
Armour         | 1 |  1.9
Fighting       | 4 |  4.2
Dodging        | |  3.9
Stealth        | |  1.5

Action                   |  1- 3 |  4- 6 || total
-------------------------+-------+-------++-------
Melee: Mace              |    86 |    22 ||   108
       Headbutt          |    16 |     2 ||    18
 Stab: Distracted        |     1 |       ||     1
       Sleeping          |     2 |     2 ||     4
Armor: Robe              |     2 |       ||     2
       Leather armour    |    10 |    10 ||    20
Dodge: Dodged            |    60 |    21 ||    81
